Workbook
Name \0: #REF!
Name \00: #REF!
Name \a: #REF!
Name \a: #REF!
Name \a: #REF!
Name \AA: #REF!
Name \b: #REF!
Name \bb: #REF!
Name \E: #REF!
Name \EE: #REF!
Name \G: #REF!
Name \k: #REF!
Name \l: #REF!
Name \M: #REF!
Name \ñ: #REF!
Name \P: #REF!
Name \R: #REF!
Name \s: #REF!
Name \s: #REF!
Name \s: #REF!
Name \V: #REF!
Name \X: 'ANALISIS DE PRECIO UNITARIO '!ERR
Name \X: 'APU (Contratista)'!ERR
Name \X: [0]!ERR
Name \Z: 'ANALISIS DE PRECIO UNITARIO '!ERR
Name \Z: 'APU (Contratista)'!ERR
Name \Z: [0]!ERR
Name _________AFC1: #REF!
Name _________AFC3: #REF!
Name _________AFC5: #REF!
Name _________BGC1: #REF!
Name _________BGC3: #REF!
Name _________BGC5: #REF!
Name _________CAC1: #REF!
Name _________CAC3: #REF!
Name _________CAC5: #REF!
Name _________PJ50: #REF!
Name _________PJ50: #REF!
Name _________PJ50: #REF!
Name _________SBC1: #REF!
Name _________SBC3: #REF!
Name _________SBC5: #REF!
Name ________AFC1: #REF!
Name ________AFC3: #REF!
Name ________AFC5: #REF!
Name ________BGC1: #REF!
Name ________BGC3: #REF!
Name ________BGC5: #REF!
Name ________CAC1: #REF!
Name ________CAC3: #REF!
Name ________CAC5: #REF!
Name ________MA2: #REF!
Name ________MA2: #REF!
Name ________MA2: #REF!
Name ________PJ50: #REF!
Name ________PJ50: #REF!
Name ________PJ50: #REF!
Name ________SBC1: #REF!
Name ________SBC3: #REF!
Name ________SBC5: #REF!

Sheet PRESUPUESTO OFICIAL (Entidad)
B1: Formulario 1 - Propuesta económica - Documento tipo de selección abreviada de menor cuantía - versión 1
B2: Versión: 1 del 21 de agosto de 2025
C5: FORMULARIO 1
C6: PRESUPUESTO OFICIAL
C7: [La entidad puede utilizar este formulario de detalle del presupuesto oficial para determinar las condiciones bajo las cuales los proponentes analizarán y presentarán su propuesta económica de forma detallada, sin perjuicio que la entidad pueda modificarlo o establecer la presentación de la oferta económica con un formulario distinto al indicado.]
C9: Adicionalmente, cuando el proceso de contratación es estructurado por precios unitarios, la Entidad debe aplicar las notas 1, 2 y 3 del presente formulario y las casillas de "Descripción", "Porcentaje" de la Administración, Imprevisto, Utilidad y total A.I.U. resaltadas en colo amarillo. Tratándose de otras modalidades de precio, la Entidad puede o no configurar los mismos aspectos.
C11: Nº | D11: ITEM DE PAGO | E11: ESPECIFICACIONES | G11: DESCRIPCION | H11: UND. | I11: CANTIDAD | J11: VALOR UNITARIO | K11: VALOR TOTAL
E12: GENERAL | F12: PARTICULAR
C13: 1 | D13: PREELIMINARES
C14: 1.1.1 | D14: 1.1.1 | E14: 1.1.1 | G14: LOCALIZACIÓN Y REPLANTEO DE OBRA ARQUITECTÓNICA | H14: m² | I14: 119.94873 | J14: 4857 | K14: =+J14*I14 -> 582591
C15: 1.1.2 | D15: 1.1.2 | E15: 1.1.2 | G15: DESMONTE DE RECUBRIMIENTO DE TANQUE | H15: m² | I15: 73 | J15: 20523 | K15: =+J15*I15 -> 1498179
C16: 1.1.3 | D16: 1.1.3 | E16: 1.1.3 | G16: DESMONTE DE ESTRUCTURA METALICA | H16: m² | I16: 378 | J16: 33650 | K16: =+J16*I16 -> 12719700
C17: 1.1.4 | D17: 1.1.4 | E17: 1.1.4 | G17: REGATA PARA INSTALACIÓN DE TUBERÍA DE Ø 1/2" A Ø 2" (INCLUYE RESANE) | H17: ml | I17: 5 | J17: 19741 | K17: =+J17*I17 -> 98705
C18: 1.1.5 | D18: 1.1.5 | E18: 1.1.5 | G18: DESMONTE PUERTAS Y VENTANAS | H18: m² | I18: 35 | J18: 7280 | K18: =+J18*I18 -> 254800
C19: 1.1.6 | D19: 1.1.6 | E19: 1.1.6 | G19: CERRAMIENTO EN MALLA VERDE H=2.10M | H19: ml | I19: 15 | J19: 31481 | K19: =+J19*I19 -> 472215
C20: 1.1.7 | D20: 1.1.7 | E20: 1.1.7 | G20: DESCAPOTE | H20: m² | I20: 114 | J20: 11963 | K20: =+J20*I20 -> 1363782
C21: 1.1.8 | D21: 1.1.8 | E21: 1.1.8 | G21: LIMPIEZA MANUAL-MECÁNICA TIPO SSPC SP2 Y SSPC SP3 PARA ESTRUCTURA METÁLICA DE CUBIERTA DE CONSTRUCCIÓN EXISTENTE. INLCUYE SISTEMA DE RECUBRIMIENTO PARA LA ESTRUCTURA METÁLICA MEDIANTE IMPRIMANTE EPÓXICO FOSFATO DE CINC TIPO SIKA O SIMILAR | H21: m² | I21: 769.99997 | J21: 78594 | K21: =+J21*I21 -> 60517378
C22: 1.1.9 | D22: 1.1.9 | E22: 1.1.9 | G22: DEMOLICION DE ENCHAPE DE PISOS Y PAREDES | H22: m² | I22: 83 | J22: 24508 | K22: =+J22*I22 -> 2034164
C23: 1.1.10 | D23: 1.1.10 | E23: 1.1.10 | G23: DESMONTE DE CUBIERTA | H23: m² | I23: 236 | J23: 19172 | K23: =+J23*I23 -> 4524592
C24: 1.1.11 | D24: 1.1.11 | E24: 1.1.11 | G24: DEMOLICIÓN DE CERRAMIENTO EXISTENTE EN MALLA ESLABONADA CON TUBERÍA DE METAL | H24: M2 | I24: 188 | J24: 38919 | K24: =+J24*I24 -> 7316772
C25: 1.1.12 | D25: 1.1.12 | E25: 1.1.12 | G25: DEMOLICIÓN MUROS 0.15M | H25: m² | I25: 125.69999 | J25: 18003 | K25: =+J25*I25 -> 2262977
... C27: 1.1.14 | D27: 1.1.14 | E27: 1.1.14 | G27: DESMONTE DE MUEBLE DE MADERA | H27: Un | I27: 40 | J27: 22710 | K27: =+J27*I27 -> 908400
G28: TOTAL PREELIMINARES | K28: =+SUM(K14:K27) -> 94579966
C29: 2 | D29: MOVIMIENTO DE TIERRAS
C30: 2.1.1 | D30: 2.1.1 | E30: 2.1.1 | G30: EXCAVACIÓN MANUAL EN MATERIAL COMÚN. INCLUYE CARGUE, TRANSPORTE Y DISPOSICIÓN FINAL DE SOBRANTES A SITIO AUTORIZADO DE 0 -2,00 MTS. | H30: m³ | I30: 51 | J30: 46677 | K30: =+J30*I30 -> 2380527
C31: 2.1.2 | D31: 2.1.2 | E31: 2.1.2 | G31: RELLENO Y COMPACTACIÓN CON MATERIAL DE EXCAVACIÓN SELECCIONADO | H31: m³ | I31: 23 | J31: 17831 | K31: =+J31*I31 -> 410113
G32: TOTAL MOVIMIENTO DE TIERRAS | K32: =+SUM(K30:K31) -> 2790640
C33: 3 | D33: CIMENTACIÓN
C34: 3.1.1 | D34: 3.1.1 | E34: 3.1.1 | G34: NIVELACIÓN, COMFORMACIÓN Y COMPACTACIÓN DE CAPA SUBRASANTE HASTA ALCANZAR CBR=95% DEL PROCTOR MODIFICADO | H34: m² | I34: 110 | J34: 25313 | K34: =+J34*I34 -> 2784430
C35: 3.1.2 | D35: 3.1.2 | E35: 3.1.2 | G35: SOLADO DE LIMPIEZA EN CONCRETO DE 2.000 PSI DE E=0.05 M SEGÚN PLANOS. INCLUYE MATERIALES, MANO DE OBRA, EQUIPOS Y HERRAMIENTAS NECESARIAS | H35: m² | I35: 110 | J35: 34118 | K35: =+J35*I35 -> 3752980
C36: 3.1.3 | D36: 3.1.3 | E36: 3.1.3 | G36: VIGAS DE CIMENTACION EN CONCRETO DE 4.000 PSI IMPERMEABILIZADO SEGÚN PLANOS. INCLUYE MANO DE OBRA, FORMALETAS, EQUIPOS Y HERRAMIENTAS NECESARIAS, NO INCLUYE ACERO DE REFUERZO | H36: m³ | I36: 7 | J36: 1362593 | K36: =+J36*I36 -> 9538151
C37: 3.1.4 | D37: 3.1.4 | E37: 3.1.4 | G37: PEDESTAL EN CONCRETO DE 3.000 PSI IMPERMEABILIZADO SEGÚN PLANOS, INCLUYE MANO DE OBRA, FORMALETAS Y EQUIPO NECESARIO, NO INCLUYE ACERO DE REFUERZO | H37: m³ | I37: 1.6799997 | J37: 1514658 | K37: =+J37*I37 -> 2544625
C38: 3.1.5 | D38: 3.1.5 | E38: 3.1.5 | G38: PLACA DE CONTRAPISO EN CONCRETO DE 3.000 PSI IMPERMEABILIZADO, SEGÚN PLANOS. INCLUYE MANO DE OBRA, FORMALETAS, EQUIPOS Y HERRAMIENTAS NECESARIAS, E=0.12 M, NO INCLUYE ACERO DE REFUERZO | H38: m² | I38: 36 | J38: 288169 | K38: =+J38*I38 -> 10374084
C39: 3.1.6 | D39: 3.1.6 | E39: 3.1.6 | G39: ZAPATA EN CONCRETO DE 3.000 PSI IMPERMEABILIZADO SEGÚN PLANOS. INCLUYE, MANO DE OBRA, FORMALETAS, EQUIPOS Y HERRAMIENTAS NECESARIAS, NO INCLUYE ACERO DE REFUERZO | H39: m³ | I39: 1.8299995 | J39: 1393116 | K39: =+J39*I39 -> 2549401.6
C40: 3.1.7 | D40: 3.1.7 | E40: 3.1.7 | G40: ALISTADO PISOS MORTERO 1:4 IMPERMEABILIZADO e: 0,04m | H40: m2 | I40: 40 | J40: 53133 | K40: =+J40*I40 -> 2125320
C41: 3.1.8 | D41: 3.1.8 | E41: 3.1.8 | G41: ANCLAJES 3/8" * 2" (Incluye perforación y adhesivo epóxico) | H41: Un | I41: 20 | J41: 48459 | K41: =+J41*I41 -> 969180
C42: 3.1.9 | D42: 3.1.9 | E42: 3.1.9 | G42: CAJA DE INSPECCIÓN 0.60 X 0.60 MTS. | H42: Un | I42: 2 | J42: 1911863 | K42: =+J42*I42 -> 3823726
G43: TOTAL CIMENTACIÓN | K43: =+SUM(K34:K42) -> 38461898
C44: 4 | D44: INSTALACIONES ELECTRICAS
C45: 4.1.1 | D45: 4.1.1 | E45: 4.1.1 | G45: TOMA CORRIENTE DOBLE MONOFASICA 15A./120V | H45: un | I45: 6 | J45: 23365 | K45: =+J45*I45 -> 140190
C46: 4.1.2 | D46: 4.1.2 | E46: 4.1.2 | G46: INTERRUPTOR SENCILLO 15A, 120V | H46: un | I46: 5 | J46: 32494 | K46: =+J46*I46 -> 162470
C47: 4.1.3 | D47: 4.1.3 | E47: 4.1.3 | G47: LUMINARIA PANEL LED 60CMX60CM, DE INCRUSTAR O SOBREPONER SEGÚN LA ZONA, Y/O SIMILAR DE P26994, 40 W, 3600LM, 6000K, 100-277V, INCLUYE SALIDA EN CABLEADO (PE, HF, FR, LS, LIBRE DE HALÓGENOS, RETARDANTE A LA LLAMA, BAJA EMISIÓN DE HUMOS), TUBERÍA EN PVC 3/4" INTRAMUROS Y EMT EN CIELO FALSO 3/4", CAJA TIPO RAWELT, TORNILLERÍA, TERMINALES, UNIONES, TOMA, CLAVIJA, CABLEADO, ANCLAJES DE SUJECIÓN, GUAYAS, PERNOS, RESANE, PAÑETE, ESTUCO, PINTURA, RECUPERACIÓN DE LA ZONA AFECTADA CON LOS MISMOS ACABADOS Y ACCESORIOS NECESARIOS PARA GARANTIZAR SU CORRECTA INSTALACIÓN Y PUESTA EN SERVICIO. | H47: un | I47: 10 | J47: 126154 | K47: =+J47*I47 -> 1261540
C48: 4.1.4 | D48: 4.1.4 | E48: 4.1.4 | G48: TOMACORRIENTE DOBLE MONOFÁSICA CON TAPA TIPO INTEMPERIE 15A/120V (1Ø+N+PT) CON PROTECCIÓN POR FALLA A TIERRA (GFCI) (RED NORMAL) NEMA 5-15R, INCLUYE SALIDA EN CABLEADO 1N12CU-AWG-HFFR-LS FASES + 1N12CU-AWG-HFFR-LS NEUTRO + 1N12CU-AWG-DESN TIERRA, TUBERÍA IMC 3/4", CAJA RADWELD, UNIONES, ACCESORIOS DE FIJACIÓN Y DE CONEXIÓN, FACEPLATE, Y TODOS LOS ACCESORIOS NECESARIOS PARA GARANTIZAR SU CORRECTA INSTALACIÓN Y PUESTA EN SERVICIO. | H48: un | I48: 5 | J48: 350637 | K48: =+J48*I48 -> 1753185
C49: 4.1.5 | D49: 4.1.5 | E49: 4.1.5 | G49: SUMINISTRO, INSTALACIÓN Y PUESTA EN SERVICIO DE LUMINARIA DECORATIVA COLGANTE PARA BOMBILLO LED E27; BASE E27, ACABADO BLANCO, GRADO DE PROTECCION IP 20, DIMENSIONES (HxW) 1200X10mm, INCLUYE CABLEADO EN COBRE CALIBRE 12 AWG THWN, BORNAS, HERRAJES, DUCTERÍA, ACCESORIOS DE FIJACIÓN Y DEMÁS ELEMENTOS NECESARIOS PARA SU CORRECTA INSTALACIÓN Y FUNCIONAMIENTO. | H49: Un | I49: 5 | J49: 460092 | K49: =+J49*I49 -> 2300460
C50: 4.1.6 | D50: 4.1.6 | E50: 4.1.6 | G50: DESMONTE DE PUNTO ELECTRICO EXISTENTE, INCLUYE RETIRO DE ACCESORIOS. | H50: un | I50: 6 | J50: 15643 | K50: =+J50*I50 -> 93858
G51: TOTAL INSTALACIONES ELECTRICAS | K51: =+SUM(K45:K50) -> 5711703
C52: 5 | D52: INSTALACIONES HIDROSANITARIAS
C53: 5.1.1 | D53: 5.1.1 | E53: 5.1.1 | G53: CANAL METALICA CALIBRE 14 | H53: ml | I53: 8 | J53: 247054 | K53: =+J53*I53 -> 1976432
C54: 5.1.2 | D54: 5.1.2 | E54: 5.1.2 | G54: BAJANTE AGUAS LLUVIAS PVC Ø 4" | H54: ml | I54: 3 | J54: 109085 | K54: =+J54*I54 -> 327255
G55: TOTAL INSTALACIONES HIDROSANITARIAS | K55: =+SUM(K53:K54) -> 2303687
C56: 6 | D56: MAMPOSTERÍA
C57: 6.1.1 | D57: 6.1.1 | E57: 6.1.1 | G57: MURO DIVISORIO BLOQUE ESTRIADO No.5 | H57: m² | I57: 144.2 | J57: 60365 | K57: =+J57*I57 -> 8704633
C58: 6.1.2 | D58: 6.1.2 | E58: 6.1.2 | G58: CONSTRUCCIÓN DE MESÓN EN CONCRETO DE 2500 PSI, SEGUN DISEÑOS. | H58: m² | I58: 20 | J58: 199043 | K58: =+J58*I58 -> 3980860
C59: 6.1.3 | D59: 6.1.3 | E59: 6.1.3 | G59: MURO EN LADRILLO PRENSADO E= 0,12 MTS CON APLICACIÓN DE DOS CAPAS DE BARRERA IMPERMEABILIZANTE MURO HUMEDAD | H59: m² | I59: 57.469054 | J59: 86877 | K59: =+J59*I59 -> 4992739
C60: 6.1.4 | D60: 6.1.4 | E60: 6.1.4 | G60: ALFAJIAS EN CONCRETO DE 3,000 PSI - (0,10 X 0,25) | H60: ml | I60: 75 | J60: 132076 | K60: =+J60*I60 -> 9905700
G61: TOTAL MAMPOSTERÍA | K61: =+SUM(K57:K60) -> 27583932
C62: 7 | D62: CARPINTERÍA METALICA
C63: 7.1.1 | D63: 7.1.1 | E63: 7.1.1 | G63: POSTES EN TUBO GALVANIZADO EN CALIENTE POR DENTRO Y POR FUERA, ESPESOR 3mm DE 2" DE DIÁMETRO, PINTADO CON DOS CAPAS DE ANTICORROSIVO Y DOS CAPAS DE ESMALTE. INCLUYE GALLINAZO DOBLE DE 35CM Y ANCLAJES CON 5 BARRAS CORRUGADAS DE 3/8" DE 15 CM CADA UNA. | H63: ml | I63: 62 | J63: 128333 | K63: =+J63*I63 -> 7956646
C64: 7.1.2 | D64: 7.1.2 | E64: 7.1.2 | G64: HILADA DE ALAMBRE DE PÚAS CALIBRE 14 EN ACERO GALVANIZADO RECUBIERTO EN PVC, DEBIDAMENTE ANCLADO A LOS POSTES METÁLICOS. | H64: ml | I64: 300 | J64: 11421 | K64: =+J64*I64 -> 3426300
C65: 7.1.3 | D65: 7.1.3 | E65: 7.1.3 | G65: CONCERTINA DOBLE FORMADA POR UN CUERPO O NÚCLEO DE ALAMBRE ONDULADO DE ACERO GALVANIZADO DE ALTA RESISTENCIA CALIBRE 12, CON REVESTIMIENTO EN PLACAS DE ACERO GALVANIZADO TROQUELADO, QUE FORMAN CUCHILLAS EQUIDISTANTES PUNZANTES Y DE GRAN FILO. | H65: ml | I65: 75 | J65: 95160 | K65: =+J65*I65 -> 7137000
C66: 7.1.4 | D66: 7.1.4 | E66: 7.1.4 | G66: MALLA ESLABONADA EN ACERO GALVANIZADO DE 2"X2" EN CALIBRE NO. 9 RECUBIERTA EN PVC, DEBIDAMENTE TEMPLADA Y SOLDADA A LOS PERFILES TUBULARES. | H66: m2 | I66: 187.5 | J66: 80308 | K66: =+J66*I66 -> 15057750
C67: 7.1.5 | D67: 7.1.5 | E67: 7.1.5 | G67: ACERO DE REFUERZO ESTRUCTURAL FY: 420 MPA GR 60 -NTC 2289 INCLUYE ALAMBRE NEGRO | H67: Kg | I67: 2100 | J67: 23645 | K67: =+J67*I67 -> 49654500
C68: 7.1.6 | D68: 7.1.6 | E68: 7.1.6 | G68: PERFILERIA ESTRUCTURAL EN ACERO A500 GR C. INCLUYE TODOS LOS ELEMENTOS ESTRUCTURALES PARA SU MONTAJE Y CORRECTO FUNCIONAMIENTO COMO TAMBIÉN PINTURA EN ANTICORROSIVO, ESMALTE, CONEXIONES, PLATINAS, ANCLAJES Y SOLDADURA. | H68: kg | I68: 3502 | J68: 56780 | K68: =+J68*I68 -> 198843560
C69: 7.1.7 | D69: 7.1.7 | E69: 7.1.7 | G69: PLACA METALDECK COLABORANTE + IMPERMEABILIZANTE | H69: M2 | I69: 50 | J69: 265048 | K69: =+J69*I69 -> 13252400
C70: 7.1.8 | D70: 7.1.8 | E70: 7.1.8 | G70: PLANCHA DE PISO METALICO 10MM INSTALACIÓN EN ALTURA | H70: M2 | I70: 2.88 | J70: 410000 | K70: =+J70*I70 -> 1180800
C71: 7.1.9 | D71: 7.1.9 | E71: 7.1.9 | G71: VENTANERÍA EN ALUMINIO VIDRIO 8MM CORREDIZA + POLARIZADO COLOR NEGRO CON PROTECCIÓN UV | H71: M2 | I71: 12.6 | J71: 656000 | K71: =+J71*I71 -> 8265600
G72: TOTAL CARPINTERÍA METALICA | K72: =+SUM(K63:K71) -> 304774556
C73: 8 | D73: CARPINTERÍA MADERA
C74: 8.1.1 | D74: 8.1.1 | E74: 8.1.1 | G74: MUEBLE ESCRITORIO, EN MADERA RH CON ACABADOS EN MELAMINICO POR SUS DOS CARAS, RESISTENTE A LA HUMEDAD, COLOR CENIZA SEGÚN DISEÑO Y ESPECIFICACIONES, INCLUYE TODOS LOS ACCESORIOS NECESARIOS PARA SU INSTALACIÓN Y CORRECTO FUNCIONAMIENTO. | H74: Un | I74: 20 | J74: 973424 | K74: =+J74*I74 -> 19468480
C75: 8.1.2 | D75: 8.1.2 | E75: 8.1.2 | G75: MUEBLE CLOSET, EN MADERA RH CON ACABADOS EN MELAMINICO POR SUS DOS CARAS, RESISTENTE A LA HUMEDAD, COLOR CENIZA SEGÚN DISEÑO Y ESPECIFICACIONES, INCLUYE TODOS LOS ACCESORIOS NECESARIOS PARA SU INSTALACIÓN Y CORRECTO FUNCIONAMIENTO | H75: Un | I75: 20 | J75: 1628194 | K75: =+J75*I75 -> 32563880
G76: TOTAL CARPINTERÍA MADERA | K76: =+SUM(K74:K75) -> 52032360
C77: 9 | D77: ACABADOS E IMPERMEABILIZACIONES
C78: 9.1.1 | D78: 9.1.1 | E78: 9.1.1 | G78: GUARDAESCOBA EN PISO CERAMICA EXTERIOR 55.2X55.2 CM H= 8CM | H78: ml | I78: 55 | J78: 20876 | K78: =+J78*I78 -> 1148180
C79: 9.1.2 | D79: 9.1.2 | E79: 9.1.2 | G79: PISO CERÁMICA 55.2X55.2CM | H79: m² | I79: 83 | J79: 94616 | K79: =+J79*I79 -> 7853128
D80: 9.1.2 | E80: 9.1.2 | G80: PISO CERÁMICA 55.2X55.2CM ( RUBRO 02-01-01-001-001-07 ) | H80: m² | I80: 80.412721 | J80: 94616 | K80: =+J80*I80 -> 7608330
C81: 9.1.3 | D81: 9.1.3 | E81: 9.1.3 | G81: PAÑETE IMPERMEABILIZADO MUROS 1:3 | H81: m² | I81: 240 | J81: 25753 | K81: =+J81*I81 -> 6180720
C82: 9.1.4 | D82: 9.1.4 | E82: 9.1.4 | G82: JUNTAS DE DILATACIÓN Y PIRLANES EN ALUMINIO PARA PISO | H82: ml | I82: 10 | J82: 10491 | K82: =+J82*I82 -> 104910
C83: 9.1.5 | D83: 9.1.5 | E83: 9.1.5 | G83: REVESTIMIENTO DE PÓLIURETANO DE ALTA RESISTENCIA PARA PISOS | H83: m2 | I83: 57 | J83: 118970 | K83: =+J83*I83 -> 6781290
C84: 9.1.6 | D84: 9.1.6 | E84: 9.1.6 | G84: SUMINISTRO E INSTALACION DE IMPERMEABILIZANTE BI COMPONENTE DE ALTA ADHERENCIA, RESISTENCIA A CAMBIOS DE TEMPERATURA EXTREMOS Y DE ALTA ELASTICIDAD REF CUBRISEAL DE SIMILARES O MEJORES CARACTERISTICAS (DOS MANOS) | H84: m² | I84: 228 | J84: 108574 | K84: =+J84*I84 -> 24754872
G85: TOTAL ACABADOS E IMPERMEABILIZACIONES | K85: =+SUM(K78:K84) -> 54431430
C86: 10 | D86: PINTURA
C87: 10.1.1 | D87: 10.1.1 | E87: 10.1.1 | G87: ESTUCO Y VINILO TIPO-1, 3 MANOS (INCLUYE FILOS Y DILATACIÓNES) | H87: m² | I87: 513 | J87: 36599 | K87: =+J87*I87 -> 18775287
C88: 10.1.2 | D88: 10.1.2 | E88: 10.1.2 | G88: PINTURA PARA BAÑOS Y COCINAS | H88: m² | I88: 120 | J88: 19107 | K88: =+J88*I88 -> 2292840
C89: 10.1.3 | D89: 10.1.3 | E89: 10.1.3 | G89: PINTURA PARA ESTRUCTURA DE CUBIERTA INCLUYE ANTICORROSIVO Y ESMALTE | H89: m² | I89: 780 | J89: 74109 | K89: =+J89*I89 -> 57805020
C90: 10.1.4 | D90: 10.1.4 | E90: 10.1.4 | G90: PINTURA TIPO 1 FACHADAS SOBRE PAÑETE TRES MANOS (INCLUYE FILOS Y DILATACIONES) | H90: m² | I90: 585 | J90: 22961 | K90: =+J90*I90 -> 13432185
G91: TOTAL PINTURA | K91: =+SUM(K87:K90) -> 92305332
C92: 11 | D92: CUBIERTA
C93: 11.1.1 | D93: 11.1.1 | E93: 11.1.1 | G93: TEJA STEEL STANDING SEAM TIPO PANEL COLOR VERDE COLMENA O SIMILAR TEJA COLOR TRASPARENTE INTERCALADO, CABALLETE DEL MISMO MATERIAL Y TODO ACCESORIOS NECESARIOS PARA SU INSTALACIÓN Y CORRECTO FUNCIONAMIENTO | H93: m² | I93: 32 | J93: 179878 | K93: =+J93*I93 -> 5756096
C94: 11.1.2 | D94: 11.1.2 | E94: 11.1.2 | G94: TEJA KINGROOF - SIN TRASLAPO INDUSTRIALIZADO - PANEL TIPO SANDWICH CON AISLANTE EN POLIISOCIANURATO PIR SAFE; ESPESOR=50MM, LAMINA EXTERNA EN ACERO CALIBRE 26, PINTADA CARA EXT(VERDE) INT (BLANCO) 5 TRAPECIOS / LAMINA INTERNA EN ACERO PRE PINTADO CALIBRE 24 ACANALADO 400, KIT DE FIJACIÓN CUBIERTA 4" ¾ O SIMILAR Y TODO ACCESORIOS NECESARIOS PARA SU INSTALACIÓN Y CORRECTO FUNCIONAMIENTO. | H94: m² | I94: 188 | J94: 327566 | K94: =+J94*I94 -> 61582408
C95: 11.1.3 | D95: 11.1.3 | E95: 11.1.3 | G95: LONA ARQUITECTONICA INCLUYE DESMONTE DE ELEMENTO ANTERIOR | H95: m² | I95: 77 | J95: 441540 | K95: =+J95*I95 -> 33998580
G96: TOTAL CUBIERTA | K96: =+SUM(K93:K95) -> 101337084
C97: 12 | D97: ASEO
C98: 12.1.1 | D98: 12.1.1 | E98: 12.1.1 | G98: ASEO GENERAL INTERIOR Y EXTERIOR | H98: m² | I98: 1191 | J98: 5258 | K98: =+J98*I98 -> 6262278
C99: 12.1.2 | D99: 12.1.2 | E99: 12.1.2 | G99: RETIRO DE SOBRANTES FUERA DE LA UNIDAD | H99: m³ | I99: 81 | J99: 33262 | K99: =+J99*I99 -> 2694222
G100: TOTAL ASEO | K100: =+K98+K99 -> 8956500
C101: SUBTOTAL OBRAS | K101: =+K100+K96+K91+K85+K76+K72+K61+K55+K51+K43+K32+K28 -> 7.8526909e+08
G103: I.V.A. OBRA 19% SOBRE UTILIDAD | K103: =+ROUND((K101/(1+$K$117))*$K$116*0.19,0) -> 4730912
G104: SUBTOTAL OBRAS (INCLUYE IVA) | K104: =+K101+K103 -> 7.9e+08
G105: VALOR TOTAL | K105: =+K104 -> 7.9e+08
D106: DESCRIPCIÓN DE RUBROS PRESUPUESTALES | H106: VALOR | I106: IVA | J106: TOTAL
...

Sheet PROPUESTA ECONOMICA(Proponente)
B1: Formulario 1 - Propuesta económica - Documento tipo de selección abreviada de menor cuantía - versión 1
B2: Versión: 1 del 21 de agosto de 2025
C5: FORMULARIO 1
C6: PROPUESTA ECONOMICA
C7: [La entidad puede utilizar este formulario de presentación de propuesta económica de forma detallada, sin perjuicio que la entidad pueda modificarlo o establecer la presentación de la oferta económica con un formulario distinto al indicado.] [Los proponentes emplearán el formulario establecido por la entidad para determinar su propuesta económica conforme al Formulario 1 - Presupuesto Oficial publicado por la Entidad] [En caso de modificar el formulario, es importante tener en cuenta que no se deben incluir causales de rechazo, reglas o parámetros contrarios a los definidos en el documento base. Los términos del proceso solo se encuentran en el Documento Base, por lo que la Entidad no deberá incluir ningún tipo de notas que se configuren en reglas contrarias a las definidas en dicho documento, las notas únicamente pueden ser aclaratorias para efectos del diligenciamiento del formato]
C9: Cuando el proceso de contratación es estructurado por precios unitarios, la Entidad debe aplicar las notas 1, 2 y 3 del presente formato y las casillas de "Descripción", "Porcentaje" de la Administración, Imprevisto, Utilidad y total A.I.U. resaltadas en color amarillo.
C11: Nº | D11: ITEM DE PAGO | E11: ESPECIFICACIONES | G11: DESCRIPCION | H11: UND. | I11: CANTIDAD | J11: VALOR UNITARIO | K11: VALOR TOTAL
E12: GENERAL | F12: PARTICULAR
C13: 1 | D13: PREELIMINARES
C14: 1.1.1 | D14: 1.1.1 | E14: 1.1.1 | G14: LOCALIZACIÓN Y REPLANTEO DE OBRA ARQUITECTÓNICA | H14: m² | I14: =+'PRESUPUESTO OFICIAL (Entidad)'!I14 -> 119.94873 | K14: =+J14*I14 -> 0
C15: 1.1.2 | D15: 1.1.2 | E15: 1.1.2 | G15: DESMONTE DE RECUBRIMIENTO DE TANQUE | H15: m² | I15: =+'PRESUPUESTO OFICIAL (Entidad)'!I15 -> 73 | K15: =+J15*I15 -> 0
C16: 1.1.3 | D16: 1.1.3 | E16: 1.1.3 | G16: DESMONTE DE ESTRUCTURA METALICA | H16: m² | I16: =+'PRESUPUESTO OFICIAL (Entidad)'!I16 -> 378 | K16: =+J16*I16 -> 0
C17: 1.1.4 | D17: 1.1.4 | E17: 1.1.4 | G17: REGATA PARA INSTALACIÓN DE TUBERÍA DE Ø 1/2" A Ø 2" (INCLUYE RESANE) | H17: ml | I17: =+'PRESUPUESTO OFICIAL (Entidad)'!I17 -> 5 | K17: =+J17*I17 -> 0
C18: 1.1.5 | D18: 1.1.5 | E18: 1.1.5 | G18: DESMONTE PUERTAS Y VENTANAS | H18: m² | I18: =+'PRESUPUESTO OFICIAL (Entidad)'!I18 -> 35 | K18: =+J18*I18 -> 0
C19: 1.1.6 | D19: 1.1.6 | E19: 1.1.6 | G19: CERRAMIENTO EN MALLA VERDE H=2.10M | H19: ml | I19: =+'PRESUPUESTO OFICIAL (Entidad)'!I19 -> 15 | K19: =+J19*I19 -> 0
C20: 1.1.7 | D20: 1.1.7 | E20: 1.1.7 | G20: DESCAPOTE | H20: m² | I20: =+'PRESUPUESTO OFICIAL (Entidad)'!I20 -> 114 | K20: =+J20*I20 -> 0
C21: 1.1.8 | D21: 1.1.8 | E21: 1.1.8 | G21: LIMPIEZA MANUAL-MECÁNICA TIPO SSPC SP2 Y SSPC SP3 PARA ESTRUCTURA METÁLICA DE CUBIERTA DE CONSTRUCCIÓN EXISTENTE. INLCUYE SISTEMA DE RECUBRIMIENTO PARA LA ESTRUCTURA METÁLICA MEDIANTE IMPRIMANTE EPÓXICO FOSFATO DE CINC TIPO SIKA O SIMILAR | H21: m² | I21: =+'PRESUPUESTO OFICIAL (Entidad)'!I21 -> 769.99997 | K21: =+J21*I21 -> 0
C22: 1.1.9 | D22: 1.1.9 | E22: 1.1.9 | G22: DEMOLICION DE ENCHAPE DE PISOS Y PAREDES | H22: m² | I22: =+'PRESUPUESTO OFICIAL (Entidad)'!I22 -> 83 | K22: =+J22*I22 -> 0
C23: 1.1.10 | D23: 1.1.10 | E23: 1.1.10 | G23: DESMONTE DE CUBIERTA | H23: m² | I23: =+'PRESUPUESTO OFICIAL (Entidad)'!I23 -> 236 | K23: =+J23*I23 -> 0
C24: 1.1.11 | D24: 1.1.11 | E24: 1.1.11 | G24: DEMOLICIÓN DE CERRAMIENTO EXISTENTE EN MALLA ESLABONADA CON TUBERÍA DE METAL | H24: M2 | I24: =+'PRESUPUESTO OFICIAL (Entidad)'!I24 -> 188 | K24: =+J24*I24 -> 0
C25: 1.1.12 | D25: 1.1.12 | E25: 1.1.12 | G25: DEMOLICIÓN MUROS 0.15M | H25: m² | I25: =+'PRESUPUESTO OFICIAL (Entidad)'!I25 -> 125.69999 | K25: =+J25*I25 -> 0
... C27: 1.1.14 | D27: 1.1.14 | E27: 1.1.14 | G27: DESMONTE DE MUEBLE DE MADERA | H27: Un | I27: =+'PRESUPUESTO OFICIAL (Entidad)'!I27 -> 40 | K27: =+J27*I27 -> 0
G28: TOTAL PREELIMINARES | K28: =+SUM(K14:K27) -> 0
C29: 2 | D29: MOVIMIENTO DE TIERRAS
C30: 2.1.1 | D30: 2.1.1 | E30: 2.1.1 | G30: EXCAVACIÓN MANUAL EN MATERIAL COMÚN. INCLUYE CARGUE, TRANSPORTE Y DISPOSICIÓN FINAL DE SOBRANTES A SITIO AUTORIZADO DE 0 -2,00 MTS. | H30: m³ | I30: =+'PRESUPUESTO OFICIAL (Entidad)'!I30 -> 51 | K30: =+J30*I30 -> 0
C31: 2.1.2 | D31: 2.1.2 | E31: 2.1.2 | G31: RELLENO Y COMPACTACIÓN CON MATERIAL DE EXCAVACIÓN SELECCIONADO | H31: m³ | I31: =+'PRESUPUESTO OFICIAL (Entidad)'!I31 -> 23 | K31: =+J31*I31 -> 0
G32: TOTAL MOVIMIENTO DE TIERRAS | K32: =+SUM(K30:K31) -> 0
C33: 3 | D33: CIMENTACIÓN
C34: 3.1.1 | D34: 3.1.1 | E34: 3.1.1 | G34: NIVELACIÓN, COMFORMACIÓN Y COMPACTACIÓN DE CAPA SUBRASANTE HASTA ALCANZAR CBR=95% DEL PROCTOR MODIFICADO | H34: m² | I34: =+'PRESUPUESTO OFICIAL (Entidad)'!I34 -> 110 | K34: =+J34*I34 -> 0
C35: 3.1.2 | D35: 3.1.2 | E35: 3.1.2 | G35: SOLADO DE LIMPIEZA EN CONCRETO DE 2.000 PSI DE E=0.05 M SEGÚN PLANOS. INCLUYE MATERIALES, MANO DE OBRA, EQUIPOS Y HERRAMIENTAS NECESARIAS | H35: m² | I35: =+'PRESUPUESTO OFICIAL (Entidad)'!I35 -> 110 | K35: =+J35*I35 -> 0
C36: 3.1.3 | D36: 3.1.3 | E36: 3.1.3 | G36: VIGAS DE CIMENTACION EN CONCRETO DE 4.000 PSI IMPERMEABILIZADO SEGÚN PLANOS. INCLUYE MANO DE OBRA, FORMALETAS, EQUIPOS Y HERRAMIENTAS NECESARIAS, NO INCLUYE ACERO DE REFUERZO | H36: m³ | I36: =+'PRESUPUESTO OFICIAL (Entidad)'!I36 -> 7 | K36: =+J36*I36 -> 0
C37: 3.1.4 | D37: 3.1.4 | E37: 3.1.4 | G37: PEDESTAL EN CONCRETO DE 3.000 PSI IMPERMEABILIZADO SEGÚN PLANOS, INCLUYE MANO DE OBRA, FORMALETAS Y EQUIPO NECESARIO, NO INCLUYE ACERO DE REFUERZO | H37: m³ | I37: =+'PRESUPUESTO OFICIAL (Entidad)'!I37 -> 1.6799997 | K37: =+J37*I37 -> 0
C38: 3.1.5 | D38: 3.1.5 | E38: 3.1.5 | G38: PLACA DE CONTRAPISO EN CONCRETO DE 3.000 PSI IMPERMEABILIZADO, SEGÚN PLANOS. INCLUYE MANO DE OBRA, FORMALETAS, EQUIPOS Y HERRAMIENTAS NECESARIAS, E=0.12 M, NO INCLUYE ACERO DE REFUERZO | H38: m² | I38: =+'PRESUPUESTO OFICIAL (Entidad)'!I38 -> 36 | K38: =+J38*I38 -> 0
C39: 3.1.6 | D39: 3.1.6 | E39: 3.1.6 | G39: ZAPATA EN CONCRETO DE 3.000 PSI IMPERMEABILIZADO SEGÚN PLANOS. INCLUYE, MANO DE OBRA, FORMALETAS, EQUIPOS Y HERRAMIENTAS NECESARIAS, NO INCLUYE ACERO DE REFUERZO | H39: m³ | I39: =+'PRESUPUESTO OFICIAL (Entidad)'!I39 -> 1.8299995 | K39: =+J39*I39 -> 0
C40: 3.1.7 | D40: 3.1.7 | E40: 3.1.7 | G40: ALISTADO PISOS MORTERO 1:4 IMPERMEABILIZADO e: 0,04m | H40: m2 | I40: =+'PRESUPUESTO OFICIAL (Entidad)'!I40 -> 40 | K40: =+J40*I40 -> 0
C41: 3.1.8 | D41: 3.1.8 | E41: 3.1.8 | G41: ANCLAJES 3/8" * 2" (Incluye perforación y adhesivo epóxico) | H41: Un | I41: =+'PRESUPUESTO OFICIAL (Entidad)'!I41 -> 20 | K41: =+J41*I41 -> 0
C42: 3.1.9 | D42: 3.1.9 | E42: 3.1.9 | G42: CAJA DE INSPECCIÓN 0.60 X 0.60 MTS. | H42: Un | I42: =+'PRESUPUESTO OFICIAL (Entidad)'!I42 -> 2 | K42: =+J42*I42 -> 0
G43: TOTAL CIMENTACIÓN | K43: =+SUM(K34:K42) -> 0
C44: 4 | D44: INSTALACIONES ELECTRICAS
C45: 4.1.1 | D45: 4.1.1 | E45: 4.1.1 | G45: TOMA CORRIENTE DOBLE MONOFASICA 15A./120V | H45: un | I45: =+'PRESUPUESTO OFICIAL (Entidad)'!I45 -> 6 | K45: =+J45*I45 -> 0
C46: 4.1.2 | D46: 4.1.2 | E46: 4.1.2 | G46: INTERRUPTOR SENCILLO 15A, 120V | H46: un | I46: =+'PRESUPUESTO OFICIAL (Entidad)'!I46 -> 5 | K46: =+J46*I46 -> 0
C47: 4.1.3 | D47: 4.1.3 | E47: 4.1.3 | G47: LUMINARIA PANEL LED 60CMX60CM, DE INCRUSTAR O SOBREPONER SEGÚN LA ZONA, Y/O SIMILAR DE P26994, 40 W, 3600LM, 6000K, 100-277V, INCLUYE SALIDA EN CABLEADO (PE, HF, FR, LS, LIBRE DE HALÓGENOS, RETARDANTE A LA LLAMA, BAJA EMISIÓN DE HUMOS), TUBERÍA EN PVC 3/4" INTRAMUROS Y EMT EN CIELO FALSO 3/4", CAJA TIPO RAWELT, TORNILLERÍA, TERMINALES, UNIONES, TOMA, CLAVIJA, CABLEADO, ANCLAJES DE SUJECIÓN, GUAYAS, PERNOS, RESANE, PAÑETE, ESTUCO, PINTURA, RECUPERACIÓN DE LA ZONA AFECTADA CON LOS MISMOS ACABADOS Y ACCESORIOS NECESARIOS PARA GARANTIZAR SU CORRECTA INSTALACIÓN Y PUESTA EN SERVICIO. | H47: un | I47: =+'PRESUPUESTO OFICIAL (Entidad)'!I47 -> 10 | K47: =+J47*I47 -> 0
C48: 4.1.4 | D48: 4.1.4 | E48: 4.1.4 | G48: TOMACORRIENTE DOBLE MONOFÁSICA CON TAPA TIPO INTEMPERIE 15A/120V (1Ø+N+PT) CON PROTECCIÓN POR FALLA A TIERRA (GFCI) (RED NORMAL) NEMA 5-15R, INCLUYE SALIDA EN CABLEADO 1N12CU-AWG-HFFR-LS FASES + 1N12CU-AWG-HFFR-LS NEUTRO + 1N12CU-AWG-DESN TIERRA, TUBERÍA IMC 3/4", CAJA RADWELD, UNIONES, ACCESORIOS DE FIJACIÓN Y DE CONEXIÓN, FACEPLATE, Y TODOS LOS ACCESORIOS NECESARIOS PARA GARANTIZAR SU CORRECTA INSTALACIÓN Y PUESTA EN SERVICIO. | H48: un | I48: =+'PRESUPUESTO OFICIAL (Entidad)'!I48 -> 5 | K48: =+J48*I48 -> 0
C49: 4.1.5 | D49: 4.1.5 | E49: 4.1.5 | G49: SUMINISTRO, INSTALACIÓN Y PUESTA EN SERVICIO DE LUMINARIA DECORATIVA COLGANTE PARA BOMBILLO LED E27; BASE E27, ACABADO BLANCO, GRADO DE PROTECCION IP 20, DIMENSIONES (HxW) 1200X10mm, INCLUYE CABLEADO EN COBRE CALIBRE 12 AWG THWN, BORNAS, HERRAJES, DUCTERÍA, ACCESORIOS DE FIJACIÓN Y DEMÁS ELEMENTOS NECESARIOS PARA SU CORRECTA INSTALACIÓN Y FUNCIONAMIENTO. | H49: Un | I49: =+'PRESUPUESTO OFICIAL (Entidad)'!I49 -> 5 | K49: =+J49*I49 -> 0
C50: 4.1.6 | D50: 4.1.6 | E50: 4.1.6 | G50: DESMONTE DE PUNTO ELECTRICO EXISTENTE, INCLUYE RETIRO DE ACCESORIOS. | H50: un | I50: =+'PRESUPUESTO OFICIAL (Entidad)'!I50 -> 6 | K50: =+J50*I50 -> 0
G51: TOTAL INSTALACIONES ELECTRICAS | K51: =+SUM(K45:K50) -> 0
C52: 5 | D52: INSTALACIONES HIDROSANITARIAS
C53: 5.1.1 | D53: 5.1.1 | E53: 5.1.1 | G53: CANAL METALICA CALIBRE 14 | H53: ml | I53: =+'PRESUPUESTO OFICIAL (Entidad)'!I53 -> 8 | K53: =+J53*I53 -> 0
C54: 5.1.2 | D54: 5.1.2 | E54: 5.1.2 | G54: BAJANTE AGUAS LLUVIAS PVC Ø 4" | H54: ml | I54: =+'PRESUPUESTO OFICIAL (Entidad)'!I54 -> 3 | K54: =+J54*I54 -> 0
G55: TOTAL INSTALACIONES HIDROSANITARIAS | K55: =+SUM(K53:K54) -> 0
C56: 6 | D56: MAMPOSTERÍA
C57: 6.1.1 | D57: 6.1.1 | E57: 6.1.1 | G57: MURO DIVISORIO BLOQUE ESTRIADO No.5 | H57: m² | I57: =+'PRESUPUESTO OFICIAL (Entidad)'!I57 -> 144.2 | K57: =+J57*I57 -> 0
C58: 6.1.2 | D58: 6.1.2 | E58: 6.1.2 | G58: CONSTRUCCIÓN DE MESÓN EN CONCRETO DE 2500 PSI, SEGUN DISEÑOS. | H58: m² | I58: =+'PRESUPUESTO OFICIAL (Entidad)'!I58 -> 20 | K58: =+J58*I58 -> 0
C59: 6.1.3 | D59: 6.1.3 | E59: 6.1.3 | G59: MURO EN LADRILLO PRENSADO E= 0,12 MTS CON APLICACIÓN DE DOS CAPAS DE BARRERA IMPERMEABILIZANTE MURO HUMEDAD | H59: m² | I59: =+'PRESUPUESTO OFICIAL (Entidad)'!I59 -> 57.469054 | K59: =+J59*I59 -> 0
C60: 6.1.4 | D60: 6.1.4 | E60: 6.1.4 | G60: ALFAJIAS EN CONCRETO DE 3,000 PSI - (0,10 X 0,25) | H60: ml | I60: =+'PRESUPUESTO OFICIAL (Entidad)'!I60 -> 75 | K60: =+J60*I60 -> 0
G61: TOTAL MAMPOSTERÍA | K61: =+SUM(K57:K60) -> 0
C62: 7 | D62: CARPINTERÍA METALICA
C63: 7.1.1 | D63: 7.1.1 | E63: 7.1.1 | G63: POSTES EN TUBO GALVANIZADO EN CALIENTE POR DENTRO Y POR FUERA, ESPESOR 3mm DE 2" DE DIÁMETRO, PINTADO CON DOS CAPAS DE ANTICORROSIVO Y DOS CAPAS DE ESMALTE. INCLUYE GALLINAZO DOBLE DE 35CM Y ANCLAJES CON 5 BARRAS CORRUGADAS DE 3/8" DE 15 CM CADA UNA. | H63: ml | I63: =+'PRESUPUESTO OFICIAL (Entidad)'!I63 -> 62 | K63: =+J63*I63 -> 0
C64: 7.1.2 | D64: 7.1.2 | E64: 7.1.2 | G64: HILADA DE ALAMBRE DE PÚAS CALIBRE 14 EN ACERO GALVANIZADO RECUBIERTO EN PVC, DEBIDAMENTE ANCLADO A LOS POSTES METÁLICOS. | H64: ml | I64: =+'PRESUPUESTO OFICIAL (Entidad)'!I64 -> 300 | K64: =+J64*I64 -> 0
C65: 7.1.3 | D65: 7.1.3 | E65: 7.1.3 | G65: CONCERTINA DOBLE FORMADA POR UN CUERPO O NÚCLEO DE ALAMBRE ONDULADO DE ACERO GALVANIZADO DE ALTA RESISTENCIA CALIBRE 12, CON REVESTIMIENTO EN PLACAS DE ACERO GALVANIZADO TROQUELADO, QUE FORMAN CUCHILLAS EQUIDISTANTES PUNZANTES Y DE GRAN FILO. | H65: ml | I65: =+'PRESUPUESTO OFICIAL (Entidad)'!I65 -> 75 | K65: =+J65*I65 -> 0
C66: 7.1.4 | D66: 7.1.4 | E66: 7.1.4 | G66: MALLA ESLABONADA EN ACERO GALVANIZADO DE 2"X2" EN CALIBRE NO. 9 RECUBIERTA EN PVC, DEBIDAMENTE TEMPLADA Y SOLDADA A LOS PERFILES TUBULARES. | H66: m2 | I66: =+'PRESUPUESTO OFICIAL (Entidad)'!I66 -> 187.5 | K66: =+J66*I66 -> 0
C67: 7.1.5 | D67: 7.1.5 | E67: 7.1.5 | G67: ACERO DE REFUERZO ESTRUCTURAL FY: 420 MPA GR 60 -NTC 2289 INCLUYE ALAMBRE NEGRO | H67: Kg | I67: =+'PRESUPUESTO OFICIAL (Entidad)'!I67 -> 2100 | K67: =+J67*I67 -> 0
C68: 7.1.6 | D68: 7.1.6 | E68: 7.1.6 | G68: PERFILERIA ESTRUCTURAL EN ACERO A500 GR C. INCLUYE TODOS LOS ELEMENTOS ESTRUCTURALES PARA SU MONTAJE Y CORRECTO FUNCIONAMIENTO COMO TAMBIÉN PINTURA EN ANTICORROSIVO, ESMALTE, CONEXIONES, PLATINAS, ANCLAJES Y SOLDADURA. | H68: kg | I68: =+'PRESUPUESTO OFICIAL (Entidad)'!I68 -> 3502 | K68: =+J68*I68 -> 0
C69: 7.1.7 | D69: 7.1.7 | E69: 7.1.7 | G69: PLACA METALDECK COLABORANTE + IMPERMEABILIZANTE | H69: M2 | I69: =+'PRESUPUESTO OFICIAL (Entidad)'!I69 -> 50 | K69: =+J69*I69 -> 0
C70: 7.1.8 | D70: 7.1.8 | E70: 7.1.8 | G70: PLANCHA DE PISO METALICO 10MM INSTALACIÓN EN ALTURA | H70: M2 | I70: =+'PRESUPUESTO OFICIAL (Entidad)'!I70 -> 2.88 | K70: =+J70*I70 -> 0
C71: 7.1.9 | D71: 7.1.9 | E71: 7.1.9 | G71: VENTANERÍA EN ALUMINIO VIDRIO 8MM CORREDIZA + POLARIZADO COLOR NEGRO CON PROTECCIÓN UV | H71: M2 | I71: =+'PRESUPUESTO OFICIAL (Entidad)'!I71 -> 12.6 | K71: =+J71*I71 -> 0
G72: TOTAL CARPINTERÍA METALICA | K72: =+SUM(K63:K71) -> 0
C73: 8 | D73: CARPINTERÍA MADERA
C74: 8.1.1 | D74: 8.1.1 | E74: 8.1.1 | G74: MUEBLE ESCRITORIO, EN MADERA RH CON ACABADOS EN MELAMINICO POR SUS DOS CARAS, RESISTENTE A LA HUMEDAD, COLOR CENIZA SEGÚN DISEÑO Y ESPECIFICACIONES, INCLUYE TODOS LOS ACCESORIOS NECESARIOS PARA SU INSTALACIÓN Y CORRECTO FUNCIONAMIENTO. | H74: Un | I74: =+'PRESUPUESTO OFICIAL (Entidad)'!I74 -> 20 | K74: =+J74*I74 -> 0
C75: 8.1.2 | D75: 8.1.2 | E75: 8.1.2 | G75: MUEBLE CLOSET, EN MADERA RH CON ACABADOS EN MELAMINICO POR SUS DOS CARAS, RESISTENTE A LA HUMEDAD, COLOR CENIZA SEGÚN DISEÑO Y ESPECIFICACIONES, INCLUYE TODOS LOS ACCESORIOS NECESARIOS PARA SU INSTALACIÓN Y CORRECTO FUNCIONAMIENTO | H75: Un | I75: =+'PRESUPUESTO OFICIAL (Entidad)'!I75 -> 20 | K75: =+J75*I75 -> 0
G76: TOTAL CARPINTERÍA MADERA | K76: =+SUM(K74:K75) -> 0
C77: 9 | D77: ACABADOS E IMPERMEABILIZACIONES
C78: 9.1.1 | D78: 9.1.1 | E78: 9.1.1 | G78: GUARDAESCOBA EN PISO CERAMICA EXTERIOR 55.2X55.2 CM H= 8CM | H78: ml | I78: =+'PRESUPUESTO OFICIAL (Entidad)'!I78 -> 55 | K78: =+J78*I78 -> 0
C79: 9.1.2 | D79: 9.1.2 | E79: 9.1.2 | G79: PISO CERÁMICA 55.2X55.2CM | H79: m² | I79: =+'PRESUPUESTO OFICIAL (Entidad)'!I79 -> 83 | K79: =+J79*I79 -> 0
C80: 9.1.2 | D80: 9.1.2 | E80: 9.1.2 | G80: PISO CERÁMICA 55.2X55.2CM | H80: m² | I80: =+'PRESUPUESTO OFICIAL (Entidad)'!I80 -> 80.412721 | K80: =+J80*I80 -> 0
C81: 9.1.3 | D81: 9.1.3 | E81: 9.1.3 | G81: PAÑETE IMPERMEABILIZADO MUROS 1:3 | H81: m² | I81: =+'PRESUPUESTO OFICIAL (Entidad)'!I81 -> 240 | K81: =+J81*I81 -> 0
C82: 9.1.4 | D82: 9.1.4 | E82: 9.1.4 | G82: JUNTAS DE DILATACIÓN Y PIRLANES EN ALUMINIO PARA PISO | H82: ml | I82: =+'PRESUPUESTO OFICIAL (Entidad)'!I82 -> 10 | K82: =+J82*I82 -> 0
C83: 9.1.5 | D83: 9.1.5 | E83: 9.1.5 | G83: REVESTIMIENTO DE PÓLIURETANO DE ALTA RESISTENCIA PARA PISOS | H83: m2 | I83: =+'PRESUPUESTO OFICIAL (Entidad)'!I83 -> 57 | K83: =+J83*I83 -> 0
C84: 9.1.6 | D84: 9.1.6 | E84: 9.1.6 | G84: SUMINISTRO E INSTALACION DE IMPERMEABILIZANTE BI COMPONENTE DE ALTA ADHERENCIA, RESISTENCIA A CAMBIOS DE TEMPERATURA EXTREMOS Y DE ALTA ELASTICIDAD REF CUBRISEAL DE SIMILARES O MEJORES CARACTERISTICAS (DOS MANOS) | H84: m² | I84: =+'PRESUPUESTO OFICIAL (Entidad)'!I84 -> 228 | K84: =+J84*I84 -> 0
G85: TOTAL ACABADOS E IMPERMEABILIZACIONES | K85: =+SUM(K78:K84) -> 0
C86: 10 | D86: PINTURA
C87: 10.1.1 | D87: 10.1.1 | E87: 10.1.1 | G87: ESTUCO Y VINILO TIPO-1, 3 MANOS (INCLUYE FILOS Y DILATACIÓNES) | H87: m² | I87: =+'PRESUPUESTO OFICIAL (Entidad)'!I87 -> 513 | K87: =+J87*I87 -> 0
C88: 10.1.2 | D88: 10.1.2 | E88: 10.1.2 | G88: PINTURA PARA BAÑOS Y COCINAS | H88: m² | I88: =+'PRESUPUESTO OFICIAL (Entidad)'!I88 -> 120 | K88: =+J88*I88 -> 0
C89: 10.1.3 | D89: 10.1.3 | E89: 10.1.3 | G89: PINTURA PARA ESTRUCTURA DE CUBIERTA INCLUYE ANTICORROSIVO Y ESMALTE | H89: m² | I89: =+'PRESUPUESTO OFICIAL (Entidad)'!I89 -> 780 | K89: =+J89*I89 -> 0
C90: 10.1.4 | D90: 10.1.4 | E90: 10.1.4 | G90: PINTURA TIPO 1 FACHADAS SOBRE PAÑETE TRES MANOS (INCLUYE FILOS Y DILATACIONES) | H90: m² | I90: =+'PRESUPUESTO OFICIAL (Entidad)'!I90 -> 585 | K90: =+J90*I90 -> 0
G91: TOTAL PINTURA | K91: =+SUM(K87:K90) -> 0
C92: 11 | D92: CUBIERTA
C93: 11.1.1 | D93: 11.1.1 | E93: 11.1.1 | G93: TEJA STEEL STANDING SEAM TIPO PANEL COLOR VERDE COLMENA O SIMILAR TEJA COLOR TRASPARENTE INTERCALADO, CABALLETE DEL MISMO MATERIAL Y TODO ACCESORIOS NECESARIOS PARA SU INSTALACIÓN Y CORRECTO FUNCIONAMIENTO | H93: m² | I93: =+'PRESUPUESTO OFICIAL (Entidad)'!I93 -> 32 | K93: =+J93*I93 -> 0
C94: 11.1.2 | D94: 11.1.2 | E94: 11.1.2 | G94: TEJA KINGROOF - SIN TRASLAPO INDUSTRIALIZADO - PANEL TIPO SANDWICH CON AISLANTE EN POLIISOCIANURATO PIR SAFE; ESPESOR=50MM, LAMINA EXTERNA EN ACERO CALIBRE 26, PINTADA CARA EXT(VERDE) INT (BLANCO) 5 TRAPECIOS / LAMINA INTERNA EN ACERO PRE PINTADO CALIBRE 24 ACANALADO 400, KIT DE FIJACIÓN CUBIERTA 4" ¾ O SIMILAR Y TODO ACCESORIOS NECESARIOS PARA SU INSTALACIÓN Y CORRECTO FUNCIONAMIENTO. | H94: m² | I94: =+'PRESUPUESTO OFICIAL (Entidad)'!I94 -> 188 | K94: =+J94*I94 -> 0
C95: 11.1.3 | D95: 11.1.3 | E95: 11.1.3 | G95: LONA ARQUITECTONICA INCLUYE DESMONTE DE ELEMENTO ANTERIOR | H95: m² | I95: =+'PRESUPUESTO OFICIAL (Entidad)'!I95 -> 77 | K95: =+J95*I95 -> 0
G96: TOTAL CUBIERTA | K96: =+SUM(K93:K95) -> 0
C97: 12 | D97: ASEO
C98: 12.1.1 | D98: 12.1.1 | E98: 12.1.1 | G98: ASEO GENERAL INTERIOR Y EXTERIOR | H98: m² | I98: =+'PRESUPUESTO OFICIAL (Entidad)'!I98 -> 1191 | K98: =+J98*I98 -> 0
C99: 12.1.2 | D99: 12.1.2 | E99: 12.1.2 | G99: RETIRO DE SOBRANTES FUERA DE LA UNIDAD | H99: m³ | I99: =+'PRESUPUESTO OFICIAL (Entidad)'!I99 -> 81 | K99: =+J99*I99 -> 0
G100: TOTAL ASEO | K100: =+K98+K99 -> 0
C101: SUBTOTAL OBRAS | K101: =+K100+K96+K91+K85+K76+K72+K61+K55+K51+K43+K32+K28 -> 0
G103: I.V.A. OBRA 19% SOBRE UTILIDAD | K103: =+ROUND((K101/(1+$K$116))*$K$115*0.19,0) -> 0
G104: SUBTOTAL OBRAS (INCLUYE IVA) | K104: =+K101+K103 -> 0
G105: VALOR TOTAL | K105: =+K104 -> 0
D106: DESCRIPCIÓN DE RUBROS PRESUPUESTALES | H106: VALOR | I106: IVA | J106: TOTAL
...

Sheet ANALISIS DE PRECIO UNITARIO 
C3: ANÁLISIS DE PRECIOS UNTARIOS | J3: Página No. 1 de 1
C4: “OBRA PÚBLICA PARA LA ADECUACIÓN, AMPLIACIÓN Y EL MANTENIMIENTO CORRECTIVO Y MEJORATIVO DE LAS INSTALACIONES DEL GRUPO AÉREO DEL CASANARE”.
C8: Actividad | F8: Tipo | G8: U.M. | H8: Cantidad | I8: Vr.Unitario | J8: Vr. Total
D9: Preeliminares
D10: LOCALIZACIÓN Y REPLANTEO DE OBRA ARQUITECTÓNICA | G10: M2 | J10: =+J18+J19+J20+J21 -> 4857
E11: PITA ALGODÓN # 18 POR 70 MT. | F11: Ins | G11: UN | H11: 0.019948345 | I11: 12100 | J11: =+I11*H11 -> 241.37498
E12: ALAMBRE NEGRO RECOCIDO 25K CALIBRE 14 | F12: Ins | G12: kg | H12: 0.050006436 | I12: 5996 | J12: =+I12*H12 -> 299.83859
E13: LARGUERO ABARCO 4 X 2 | F13: Ins | G13: ML | H13: 0.02 | I13: 4847 | J13: =+I13*H13 -> 96.94
E14: PUNTILLA CON CABEZA 2 | F14: Ins | G14: lb | H14: 0.01 | I14: 5640 | J14: =+I14*H14 -> 56.4
D15: 50011 | E15: CUADRILLA ALBAÑILERIA (OFICIAL + AYUDANTE) | F15: Ins | G15: hh | H15: 0.1 | I15: 30000 | J15: =+I15*H15 -> 3000
E16: TRANSPORTE FERRETERÍA | F16: Ins | G16: kg | H16: 0.11 | I16: 50 | J16: =+I16*H16 -> 5.5
E17: HERRAMIENTA MENOR | F17: Ins | G17: % | H17: 5 | I17: =+J15 -> 3000 | J17: =+I17*H17% -> 150
J18: =SUM(J11:J17) -> 3850.0536
H19: A | I19: 0.21154089 | J19: =+J18*I19 -> 814.44375
H20: I | I20: 0.01 | J20: =+J18*I20 -> 38.500536
H21: U | I21: 0.04 | J21: =+J18*I21 -> 154.00214
D23: DESMONTE DE RECUBRIMIENTO DE TANQUE | G23: m² | J23: =+J26+J27+J28+J29 -> 20523
E24: CUADRILLA ALBAÑILERIA (2 AYUDANTES) | F24: Ins | G24: hh | H24: 0.81978124 | I24: 18898 | J24: =+I24*H24 -> 15492.226
E25: HERRAMIENTA MENOR | F25: Ins | G25: % | H25: 5.0088 | I25: =+J24 -> 15492.226 | J25: =+I25*H25% -> 775.97461
J26: =SUM(J24:J25) -> 16268.2
H27: A | I27: =I19 -> 0.21154089 | J27: =+J26*I27 -> 3441.3896
H28: I | I28: =I20 -> 0.01 | J28: =+J26*I28 -> 162.682
H29: U | I29: =I21 -> 0.04 | J29: =+J26*I29 -> 650.72802
D30: DESMONTE DE ESTRUCTURA METALICA | G30: m² | J30: =+J37+J38+J39+J40 -> 33650
E31: DISCO ABRASIVO CORTE METAL 4 1/2 X 0.045 PULGADAS | F31: Ins | G31: un | H31: 0.50014344 | I31: 4700 | J31: =+I31*H31 -> 2350.6742
J32: =+I32*H32 -> 0
D33: 40002 | E33: ANDAMIO CERTIFICADO | F33: Ins | G33: d | H33: 0.1 | I33: 30033 | J33: =+I33*H33 -> 3003.3
E34: PULIDORA 4-1/2 900W 110V SIN DISCO | F34: Ins | G34: d | H34: 0.5 | I34: 14695.23 | J34: =+I34*H34 -> 7347.615
E35: CUADRILLA ACABADOS (2 AYUDANTES) | F35: Ins | G35: hh | H35: 0.6 | I35: 22178 | J35: =+I35*H35 -> 13306.8
E36: HERRAMIENTA MENOR | F36: Ins | G36: % | H36: 5 | I36: 13306.8 | J36: =+I36*H36% -> 665.34
J37: =SUM(J31:J36) -> 26673.729
H38: A | I38: =$I$27 -> 0.21154089 | J38: =+J37*I38 -> 5642.5844
H39: I | I39: =$I$28 -> 0.01 | J39: =+J37*I39 -> 266.73729
H40: U | I40: =$I$29 -> 0.04 | J40: =+J37*I40 -> 1066.9492
D42: REGATA PARA INSTALACIÓN DE TUBERÍA DE Ø 1/2" A Ø 2" (INCLUYE RESANE) | G42: ml | J42: =+J51+J52+J53+J54 -> 19741
E43: PULIDORA 4 1/2 (ALQUILER) | F43: Ins | G43: d | H43: 0.30000599 | I43: 20640 | J43: =+I43*H43 -> 6192.1236
E44: SIKA-1 ADITIVO IMPERMEABILIZANTE PARA MORTEROS | F44: Ins | G44: kg | H44: 0.02 | I44: 29474.75 | J44: =+I44*H44 -> 589.495
E45: ARENA DE PEÑA | F45: Ins | G45: m³ | H45: 0.02 | I45: 160000 | J45: =+I45*H45 -> 3200
E46: AYUDANTE ALBAÑILERIA (A) | F46: Ins | G46: hh | H46: 0.5 | I46: 9449 | J46: =+I46*H46 -> 4724.5
E47: TRANSPORTE FERRETERÍA | F47: Ins | G47: kg | H47: 1.22 | I47: 50 | J47: =+I47*H47 -> 61
E48: RETIRO DE SOBRANTES EN VOLQUETA | F48: Ins | G48: m³ | H48: 0.005 | I48: 48076 | J48: =+I48*H48 -> 240.38
E49: CEMENTO GRIS | F49: Ins | G49: kg | H49: 0.7 | I49: 578 | J49: =+I49*H49 -> 404.6
E50: HERRAMIENTA MENOR | F50: Ins | G50: % | H50: 5 | I50: 4724.5 | J50: =+I50*H50% -> 236.225
J51: =SUM(J43:J50) -> 15648.324
H52: =H38 -> A | I52: =I38 -> 0.21154089 | J52: =+J51*I52 -> 3310.2603
H53: =H39 -> I | I53: =I39 -> 0.01 | J53: =+J51*I53 -> 156.48324
H54: =H40 -> U | I54: =I40 -> 0.04 | J54: =+J51*I54 -> 625.93294
D56: DESMONTE PUERTAS Y VENTANAS | G56: m² | J56: =+J60+J61+J62+J63 -> 7280
D57: 40002 | E57: ANDAMIO CERTIFICADO | F57: Ins | G57: d | H57: 0.06 | I57: 30033 | J57: =+I57*H57 -> 1801.98
E58: AYUDANTE ALBAÑILERIA (A) | F58: Ins | G58: hh | H58: 0.400017 | I58: 9449 | J58: =+I58*H58 -> 3779.7606
E59: HERRAMIENTA MENOR | F59: Ins | G59: % | H59: 5 | I59: 3779.6 | J59: =+I59*H59% -> 188.98
J60: =+J57+J58+J59 -> 5770.7206
H61: =H52 -> A | I61: =I52 -> 0.21154089 | J61: =+J60*I61 -> 1220.7434
H62: =H53 -> I | I62: =I53 -> 0.01 | J62: =+J60*I62 -> 57.707206
H63: =H54 -> U | I63: =I54 -> 0.04 | J63: =+J60*I63 -> 230.82882
D64: CERRAMIENTO EN MALLA VERDE H=2.10M | G64: ml | J64: =+J70+J71+J72+J73 -> 31481
E65: RELLENO CON MATERIAL DE EXCAVACIÓN | F65: Aná | G65: m³ | H65: 0.020000088 | I65: 121990.4 | J65: =+I65*H65 -> 2439.8187
E66: HORA CUADRILLA AA - ALBAÑILERÍA | F66: Aná | G66: hc | H66: 0.45 | I66: 25742 | J66: =+I66*H66 -> 11583.9
E67: TELA VERDE (60GR) A=2.1M PARA CERRAMIENTO | F67: Ins | G67: ML | H67: 1 | I67: 1904 | J67: =+I67*H67 -> 1904
E68: POSTE PARA CERCA 11 X 11 X 1.5M (48KG) | F68: Ins | G68: un | H68: 0.35 | I68: 23787.14 | J68: =+I68*H68 -> 8325.499
E69: HERRAMIENTA MENOR | F69: Ins | G69: % | H69: 5 | I69: 14023.71 | J69: =+I69*H69% -> 701.1855
J70: =+J67+J68+J69+J66+J65 -> 24954.403
H71: =H61 -> A | I71: =I61 -> 0.21154089 | J71: =+J70*I71 -> 5278.8766
H72: =H62 -> I | I72: =I62 -> 0.01 | J72: =+J70*I72 -> 249.54403
H73: =H63 -> U | I73: =I63 -> 0.04 | J73: =+J70*I73 -> 998.17613
D74: DESCAPOTE | G74: m² | J74: =+J78+J79+J80+J81 -> 11963
E75: HORA CUADRILLA AA - ALBAÑILERÍA | F75: Aná | G75: hc | H75: 0.25 | I75: 25742 | J75: =+I75*H75 -> 6435.5
E76: RETIRO DE SOBRANTES EN VOLQUETA | F76: Ins | G76: m³ | H76: 0.04999995 | I76: 48076 | J76: =+I76*H76 -> 2403.7976
E77: HERRAMIENTA MENOR | F77: Ins | G77: % | H77: 10 | I77: 6435.5 | J77: =+I77*H77% -> 643.55
J78: =+J75+J76+J77 -> 9482.8476
H79: A | I79: =I71 -> 0.21154089 | J79: =+J78*I79 -> 2006.01
H80: I | I80: =I72 -> 0.01 | J80: =+J78*I80 -> 94.828476
H81: U | I81: =I73 -> 0.04 | J81: =+J78*I81 -> 379.3139
D83: LIMPIEZA MANUAL-MECÁNICA TIPO SSPC SP2 Y SSPC SP3 PARA ESTRUCTURA METÁLICA DE CUBIERTA DE CONSTRUCCIÓN EXISTENTE. INLCUYE SISTEMA DE RECUBRIMIENTO PARA LA ESTRUCTURA METÁLICA MEDIANTE IMPRIMANTE EPÓXICO FOSTATO DE CINC TIPO SIKA O SIMILAR | G83: m² | J83: =+J90+J91+J92+J93 -> 78594 | K83: 78594
E84: PLATAFORMA TIJERA DIESEL 12.1M 434KG | F84: Ins | G84: d | H84: 0.001 | I84: 4000000 | J84: =+I84*H84 -> 4000
E85: IMPRIMANTE EPÓXICO PRIMER C (500M) | F85: Ins | G85: un | H85: 0.30000001 | I85: 168320.33 | J85: =+I85*H85 -> 50496.102
E86: HIDROLAVADORA INDUSTRIAL 1800 W | F86: Ins | G86: d | H86: 0.018 | I86: 45500 | J86: =+I86*H86 -> 819
E87: CUADRILLA INSTALACIONES (OFICIAL + AYUDANTE) | F87: Ins | G87: hh | H87: 0.25 | I87: 26552 | J87: =+I87*H87 -> 6638
E88: TRANSPORTE FERRETERÍA | F88: Ins | G88: kg | H88: 0.3 | I88: 50 | J88: =+I88*H88 -> 15
E89: HERRAMIENTA MENOR | F89: Ins | G89: % | H89: 5 | I89: 6638 | J89: =+I89*H89% -> 331.9
J90: =+J84+J85+J86+J87+J88+J89 -> 62300.002
H91: A | I91: =I79 -> 0.21154089 | J91: =+J90*I91 -> 13178.998
H92: I | I92: =I80 -> 0.01 | J92: =+J90*I92 -> 623.00002
H93: U | I93: =I81 -> 0.04 | J93: =+J90*I93 -> 2492.0001
D95: DEMOLICION DE ENCHAPE DE PISOS Y PAREDES | G95: m² | J95: =+J101+J102+J103+J104 -> 24508
E96: MARTILLO ELÉCTRICO DEMOLEDOR 31K/65LB | F96: Ins | G96: d | H96: 0.10000456 | I96: 79599.18 | J96: =+I96*H96 -> 7960.2808
E97: LONA PARA ESCOMBRO- POLIPROPILENO | F97: Ins | G97: un | H97: 0.5 | I97: 1500 | J97: =+I97*H97 -> 750
E98: OFICIAL ALBAÑILERIA (A) | F98: Ins | G98: hh | H98: 0.5 | I98: 13087 | J98: =+I98*H98 -> 6543.5
E99: RETIRO DE SOBRANTES EN VOLQUETA | F99: Ins | G99: m³ | H99: 0.08 | I99: 48076 | J99: =+I99*H99 -> 3846.08
E100: HERRAMIENTA MENOR | F100: Ins | G100: % | H100: 5 | I100: 6543.5 | J100: =+I100*H100% -> 327.175
J101: =+J96+J97+J98+J99+J100 -> 19427.036
H102: A | I102: =I91 -> 0.21154089 | J102: =+J101*I102 -> 4109.6124
H103: I | I103: =I92 -> 0.01 | J103: =+J101*I103 -> 194.27036
H104: U | I104: =I93 -> 0.04 | J104: =+J101*I104 -> 777.08143
D106: DESMONTE DE CUBIERTA | G106: m² | J106: =+J114+J115+J116+J117 -> 19172
E107: DISCO ABRASIVO CORTE METAL 4 1/2 X 0.045 PULGADAS | F107: Ins | G107: un | H107: 0.13 | I107: 4700 | J107: =+I107*H107 -> 611
E108: LONA PARA ESCOMBRO- POLIPROPILENO | F108: Ins | G108: un | H108: 0.80017802 | I108: 1500 | J108: =+I108*H108 -> 1200.267
D109: 40002 | E109: ANDAMIO CERTIFICADO | F109: Ins | G109: d | H109: 0.084 | I109: 30033 | J109: =+I109*H109 -> 2522.772
E110: PULIDORA 4-1/2 900W 110V SIN DISCO | F110: Ins | G110: d | H110: 0.134 | I110: 14695.23 | J110: =+I110*H110 -> 1969.1608
E111: CUADRILLA ACABADOS (2 AYUDANTES) | F111: Ins | G111: hh | H111: 0.32 | I111: 22178 | J111: =+I111*H111 -> 7096.96
...

Sheet APU (Contratista)
C3: ANÁLISIS DE PRECIOS UNTARIOS | J3: Página No. 1 de 1
C4: “OBRA PÚBLICA PARA LA ADECUACIÓN, AMPLIACIÓN Y EL MANTENIMIENTO CORRECTIVO Y MEJORATIVO DE LAS INSTALACIONES DEL GRUPO AÉREO DEL CASANARE”.
C8: Actividad | F8: Tipo | G8: U.M. | H8: Cantidad | I8: Vr.Unitario | J8: Vr. Total
D9: Preeliminares
D10: LOCALIZACIÓN Y REPLANTEO DE OBRA ARQUITECTÓNICA | G10: M2 | J10: =+J18+J19+J20+J21 -> 0
E11: PITA ALGODÓN # 18 POR 70 MT. | F11: Ins | G11: UN | H11: 0.019948345 | J11: =+I11*H11 -> 0
E12: ALAMBRE NEGRO RECOCIDO 25K CALIBRE 14 | F12: Ins | G12: kg | H12: 0.050006436 | J12: =+I12*H12 -> 0
E13: LARGUERO ABARCO 4 X 2 | F13: Ins | G13: ML | H13: 0.02 | J13: =+I13*H13 -> 0
E14: PUNTILLA CON CABEZA 2 | F14: Ins | G14: lb | H14: 0.01 | J14: =+I14*H14 -> 0
D15: 50011 | E15: CUADRILLA ALBAÑILERIA (OFICIAL + AYUDANTE) | F15: Ins | G15: hh | H15: 0.1 | J15: =+I15*H15 -> 0
E16: TRANSPORTE FERRETERÍA | F16: Ins | G16: kg | H16: 0.11 | J16: =+I16*H16 -> 0
E17: HERRAMIENTA MENOR | F17: Ins | G17: % | H17: 5 | J17: =+I17*H17% -> 0
J18: =SUM(J11:J17) -> 0
H19: A | J19: =+J18*I19 -> 0
H20: I | J20: =+J18*I20 -> 0
H21: U | J21: =+J18*I21 -> 0
D23: DESMONTE DE RECUBRIMIENTO DE TANQUE | G23: m² | J23: =+J26+J27+J28+J29 -> 0
E24: CUADRILLA ALBAÑILERIA (2 AYUDANTES) | F24: Ins | G24: hh | H24: 0.81978124 | J24: =+I24*H24 -> 0
E25: HERRAMIENTA MENOR | F25: Ins | G25: % | H25: 5.0088 | J25: =+I25*H25% -> 0
J26: =SUM(J24:J25) -> 0
H27: A | I27: =I19 -> 0 | J27: =+J26*I27 -> 0
H28: I | I28: =I20 -> 0 | J28: =+J26*I28 -> 0
H29: U | I29: =I21 -> 0 | J29: =+J26*I29 -> 0
D30: DESMONTE DE ESTRUCTURA METALICA | G30: m² | J30: =+J37+J38+J39+J40 -> 0
E31: DISCO ABRASIVO CORTE METAL 4 1/2 X 0.045 PULGADAS | F31: Ins | G31: un | H31: 0.50014344 | J31: =+I31*H31 -> 0
J32: =+I32*H32 -> 0
D33: 40002 | E33: ANDAMIO CERTIFICADO | F33: Ins | G33: d | H33: 0.1 | J33: =+I33*H33 -> 0
E34: PULIDORA 4-1/2 900W 110V SIN DISCO | F34: Ins | G34: d | H34: 0.5 | J34: =+I34*H34 -> 0
E35: CUADRILLA ACABADOS (2 AYUDANTES) | F35: Ins | G35: hh | H35: 0.6 | J35: =+I35*H35 -> 0
E36: HERRAMIENTA MENOR | F36: Ins | G36: % | H36: 5 | J36: =+I36*H36% -> 0
J37: =SUM(J31:J36) -> 0
H38: A | I38: =$I$27 -> 0 | J38: =+J37*I38 -> 0
H39: I | I39: =$I$28 -> 0 | J39: =+J37*I39 -> 0
H40: U | I40: =$I$29 -> 0 | J40: =+J37*I40 -> 0
D42: REGATA PARA INSTALACIÓN DE TUBERÍA DE Ø 1/2" A Ø 2" (INCLUYE RESANE) | G42: ml | J42: =+J51+J52+J53+J54 -> 0
E43: PULIDORA 4 1/2 (ALQUILER) | F43: Ins | G43: d | H43: 0.30000599 | J43: =+I43*H43 -> 0
E44: SIKA-1 ADITIVO IMPERMEABILIZANTE PARA MORTEROS | F44: Ins | G44: kg | H44: 0.02 | J44: =+I44*H44 -> 0
E45: ARENA DE PEÑA | F45: Ins | G45: m³ | H45: 0.02 | J45: =+I45*H45 -> 0
E46: AYUDANTE ALBAÑILERIA (A) | F46: Ins | G46: hh | H46: 0.5 | J46: =+I46*H46 -> 0
E47: TRANSPORTE FERRETERÍA | F47: Ins | G47: kg | H47: 1.22 | J47: =+I47*H47 -> 0
E48: RETIRO DE SOBRANTES EN VOLQUETA | F48: Ins | G48: m³ | H48: 0.005 | J48: =+I48*H48 -> 0
E49: CEMENTO GRIS | F49: Ins | G49: kg | H49: 0.7 | J49: =+I49*H49 -> 0
E50: HERRAMIENTA MENOR | F50: Ins | G50: % | H50: 5 | J50: =+I50*H50% -> 0
J51: =SUM(J43:J50) -> 0
H52: =H38 -> A | I52: =I38 -> 0 | J52: =+J51*I52 -> 0
H53: =H39 -> I | I53: =I39 -> 0 | J53: =+J51*I53 -> 0
H54: =H40 -> U | I54: =I40 -> 0 | J54: =+J51*I54 -> 0
D56: DESMONTE PUERTAS Y VENTANAS | G56: m² | J56: =+J60+J61+J62+J63 -> 0
D57: 40002 | E57: ANDAMIO CERTIFICADO | F57: Ins | G57: d | H57: 0.06 | J57: =+I57*H57 -> 0
E58: AYUDANTE ALBAÑILERIA (A) | F58: Ins | G58: hh | H58: 0.400017 | J58: =+I58*H58 -> 0
E59: HERRAMIENTA MENOR | F59: Ins | G59: % | H59: 5 | J59: =+I59*H59% -> 0
J60: =+J57+J58+J59 -> 0
H61: =H52 -> A | I61: =I52 -> 0 | J61: =+J60*I61 -> 0
H62: =H53 -> I | I62: =I53 -> 0 | J62: =+J60*I62 -> 0
H63: =H54 -> U | I63: =I54 -> 0 | J63: =+J60*I63 -> 0
D64: CERRAMIENTO EN MALLA VERDE H=2.10M | G64: ml | J64: =+J70+J71+J72+J73 -> 0
E65: RELLENO CON MATERIAL DE EXCAVACIÓN | F65: Aná | G65: m³ | H65: 0.020000088 | J65: =+I65*H65 -> 0
E66: HORA CUADRILLA AA - ALBAÑILERÍA | F66: Aná | G66: hc | H66: 0.45 | J66: =+I66*H66 -> 0
E67: TELA VERDE (60GR) A=2.1M PARA CERRAMIENTO | F67: Ins | G67: ML | H67: 1 | J67: =+I67*H67 -> 0
E68: POSTE PARA CERCA 11 X 11 X 1.5M (48KG) | F68: Ins | G68: un | H68: 0.35 | J68: =+I68*H68 -> 0
E69: HERRAMIENTA MENOR | F69: Ins | G69: % | H69: 5 | J69: =+I69*H69% -> 0
J70: =+J67+J68+J69+J66+J65 -> 0
H71: =H61 -> A | I71: =I61 -> 0 | J71: =+J70*I71 -> 0
H72: =H62 -> I | I72: =I62 -> 0 | J72: =+J70*I72 -> 0
H73: =H63 -> U | I73: =I63 -> 0 | J73: =+J70*I73 -> 0
D74: DESCAPOTE | G74: m² | J74: =+J78+J79+J80+J81 -> 0
E75: HORA CUADRILLA AA - ALBAÑILERÍA | F75: Aná | G75: hc | H75: 0.25 | J75: =+I75*H75 -> 0
E76: RETIRO DE SOBRANTES EN VOLQUETA | F76: Ins | G76: m³ | H76: 0.04999995 | J76: =+I76*H76 -> 0
E77: HERRAMIENTA MENOR | F77: Ins | G77: % | H77: 10 | J77: =+I77*H77% -> 0
J78: =+J75+J76+J77 -> 0
H79: A | I79: =I71 -> 0 | J79: =+J78*I79 -> 0
H80: I | I80: =I72 -> 0 | J80: =+J78*I80 -> 0
H81: U | I81: =I73 -> 0 | J81: =+J78*I81 -> 0
D83: LIMPIEZA MANUAL-MECÁNICA TIPO SSPC SP2 Y SSPC SP3 PARA ESTRUCTURA METÁLICA DE CUBIERTA DE CONSTRUCCIÓN EXISTENTE. INLCUYE SISTEMA DE RECUBRIMIENTO PARA LA ESTRUCTURA METÁLICA MEDIANTE IMPRIMANTE EPÓXICO FOSTATO DE CINC TIPO SIKA O SIMILAR | G83: m² | J83: =+J90+J91+J92+J93 -> 0
E84: PLATAFORMA TIJERA DIESEL 12.1M 434KG | F84: Ins | G84: d | H84: 0.001 | J84: =+I84*H84 -> 0
E85: IMPRIMANTE EPÓXICO PRIMER C (500M) | F85: Ins | G85: un | H85: 0.30000001 | J85: =+I85*H85 -> 0
E86: HIDROLAVADORA INDUSTRIAL 1800 W | F86: Ins | G86: d | H86: 0.018 | J86: =+I86*H86 -> 0
E87: CUADRILLA INSTALACIONES (OFICIAL + AYUDANTE) | F87: Ins | G87: hh | H87: 0.25 | J87: =+I87*H87 -> 0
E88: TRANSPORTE FERRETERÍA | F88: Ins | G88: kg | H88: 0.3 | J88: =+I88*H88 -> 0
E89: HERRAMIENTA MENOR | F89: Ins | G89: % | H89: 5 | J89: =+I89*H89% -> 0
J90: =+J84+J85+J86+J87+J88+J89 -> 0
H91: A | I91: =I79 -> 0 | J91: =+J90*I91 -> 0
H92: I | I92: =I80 -> 0 | J92: =+J90*I92 -> 0
H93: U | I93: =I81 -> 0 | J93: =+J90*I93 -> 0
D95: DEMOLICION DE ENCHAPE DE PISOS Y PAREDES | G95: m² | J95: =+J101+J102+J103+J104 -> 0
E96: MARTILLO ELÉCTRICO DEMOLEDOR 31K/65LB | F96: Ins | G96: d | H96: 0.10000456 | J96: =+I96*H96 -> 0
E97: LONA PARA ESCOMBRO- POLIPROPILENO | F97: Ins | G97: un | H97: 0.5 | J97: =+I97*H97 -> 0
E98: OFICIAL ALBAÑILERIA (A) | F98: Ins | G98: hh | H98: 0.5 | J98: =+I98*H98 -> 0
E99: RETIRO DE SOBRANTES EN VOLQUETA | F99: Ins | G99: m³ | H99: 0.08 | J99: =+I99*H99 -> 0
E100: HERRAMIENTA MENOR | F100: Ins | G100: % | H100: 5 | J100: =+I100*H100% -> 0
J101: =+J96+J97+J98+J99+J100 -> 0
H102: A | I102: =I91 -> 0 | J102: =+J101*I102 -> 0
H103: I | I103: =I92 -> 0 | J103: =+J101*I103 -> 0
H104: U | I104: =I93 -> 0 | J104: =+J101*I104 -> 0
D106: DESMONTE DE CUBIERTA | G106: m² | J106: =+J114+J115+J116+J117 -> 0
E107: DISCO ABRASIVO CORTE METAL 4 1/2 X 0.045 PULGADAS | F107: Ins | G107: un | H107: 0.13 | J107: =+I107*H107 -> 0
E108: LONA PARA ESCOMBRO- POLIPROPILENO | F108: Ins | G108: un | H108: 0.80017802 | J108: =+I108*H108 -> 0
D109: 40002 | E109: ANDAMIO CERTIFICADO | F109: Ins | G109: d | H109: 0.084 | J109: =+I109*H109 -> 0
E110: PULIDORA 4-1/2 900W 110V SIN DISCO | F110: Ins | G110: d | H110: 0.134 | J110: =+I110*H110 -> 0
E111: CUADRILLA ACABADOS (2 AYUDANTES) | F111: Ins | G111: hh | H111: 0.32 | J111: =+I111*H111 -> 0
...

Sheet Hoja1
